Map: 黑暗杀星

Players

lifedrain

  • Race: Protoss Protoss
  • Spawn Location: 5:00

云狐

  • Race: Protoss Protoss
  • League: Diamond
  • Spawn Location: 5:00

VOD

Have the link to the VOD?

Description

Time

  • Played on: Dec. 22, 2017, 6:38 a.m.
  • Length: 6:41
Show
View Real Time Build Order
Export as new Build Order

lifedrain Protoss 

Build Orders:  

Get SALT Encoding   

  12  0:03  Probe (Chrono Boost)  
  13  0:26  Gateway  
  13  0:32  Probe (Chrono Boost)  
  14  0:41  Assimilator  
  14  0:45  Probe (Chrono Boost)  
  15  0:56  Assimilator  
  15  0:59  Probe (Chrono Boost)  
  16  1:15  Probe (Chrono Boost)  
  17  1:28  Probe (Chrono Boost)  
  18  1:32  Cybernetics Core  
  18  1:41  Probe (Chrono Boost)  
  19  1:56  Gateway  
  19  2:04  Probe (Chrono Boost)  
  20  2:26  Robotics Facility  
  20  3:23  Zealot x2  
  20  3:24  Zealot x2  
  28  3:31  Observer  
  29  4:00  Zealot  
  29  4:02  Zealot  
  33  4:25  Immortal  
  37  4:31  Immortal  
  41  4:53  Dragoon  
  41  4:54  Dragoon x2  
  47  5:01  Zealot  
  47  5:08  Observer  
  50  5:43  Zealot  
  46  6:14  Zealot x2  
Show
View Real Time Build Order
Export as new Build Order

云狐 Protoss 

Build Orders:  

Get SALT Encoding   

  12  0:04  Dark Pylon  
  12  0:19  Gateway  
  12  0:26  Probe (Chrono Boost)  
  13  0:36  Assimilator  
  13  0:43  Probe (Chrono Boost)  
  14  0:50  Assimilator  
  14  0:56  Probe (Chrono Boost)  
  15  1:25  Cybernetics Core  
  15  1:31  Dark Pylon  
  15  1:32  Assimilator  
  15  2:15  Twilight Council  
  15  2:16  Warp Gate  
  15  2:21  Gateway  
  15  2:22  Gateway  
  15  2:27  Gateway  
  15  2:34  Dark Pylon  
  15  2:43  Gateway  
  15  3:06  Dark Shrine  
  15  3:44  Dark Templar Blink  
  15  3:59  Dark Templar x3  
  21  4:03  Dark Templar  
  23  4:16  Dark Templar  
  25  4:35  Dark Pylon  
  25  4:50  Dark Templar x2  
  25  4:59  Dark Templar  
  31  5:14  Dark Templar  
  31  5:18  Dark Templar  
  35  5:35  Dark Templar  
  37  5:47  Dark Pylon  
  37  6:14  Dark Templar x3  
Tags
 
League
Diamond
Matchup
Co-op
Replay Pack
Co-op Speedrun
Add a new tag
Caveats
  • Supply blocks, unpowered buildings, or Contaminate may cause inaccurate times.
  • Supply counts are checked every 10 seconds.